Unix NetHack Version 5.0.0-0 post-release - last build May 22 2026 02:22:16 (99d1c3b6dc4b13757aaa5824b55bdea4e1e63757,branch:main).

Game began 2026-05-22 18:20:17, ended 2026-05-22 18:32:37.

Haxasaurus, neutral male gnomish Ranger

                 ##################
                 #----------------
                 #|..............|                 ---.--------
 -----           #|..............|                 |....>.....|
 |...|           #|.........<.....                 ............#
 |...| ###########|..............|                 ----|-------#
 |...-##          ----|-----------                     #       #
 |...|                #                                #       #
 --.--                #                                #       ##
   #                  ####                             ##       ####-------
   #          -----------.----                          #          #|.....|
   #          |....{..........####                      #          #|.....|
   #          |..............|   #   ----- ##           #          #|.....|
  -|-----   ##-......^.......|   #  #|....#d  ----------|-         #...>..|
  |.....|   # ----------------   ####|...|#)@d-........).|          -------
  |.....|####                       #.....    |..........|
  |.....-#                           -----    |..........|
  -------                                     ------------

Haxasaurus the Tenderfoot    St:14 Dx:10 Co:14 In:15 Wi:14 Ch:8  Neutral
Dlvl:2  $:41 HP:0(16) Pw:7(7) AC:7  Xp:2/33 T:866 

Latest messages:
 In what direction?
 The dart hits the coyote.
 The coyote bites!
 [HP -3, 11 left]
 Joey misses the coyote.
 You ready: p - 11 darts.
 In what direction?
 The dart misses the coyote.
 The coyote bites!
 [HP -2, 9 left]
 Joey misses the coyote.
 Joey bites the coyote.
 The coyote is killed!
 In what direction?
 The dart misses the coyote.
 Joey eats a coyote corpse.
 In what direction?
 The dart misses Joey.
 In what direction?
 You see here an iron skull cap.
 A - an iron skull cap.
 s - 2 darts.
 You can't move diagonally into an intact doorway.
 p - 2 darts (at the ready) (10 in total).
 q - a dart.
 s - 2 darts (4 in total).
 x - a boomerang.
 s - 3 darts (7 in total).
 p - a dart (at the ready) (11 in total).
 s - 2 darts (9 in total).
 o - 2 darts.
 The coyote bites!
 [HP -2, 7 left]
 You hit the coyote.
 The coyote bites!
 [HP -1, 6 left]
 You miss the coyote.
 The coyote misses!
 You hit the coyote.
 The coyote bites!
 [HP -3, 3 left]
 You miss the coyote.
 The coyote bites!
 [HP -4, 0 left]
 You die...
 Do you want your possessions identified? n
 Do you want to see your attributes? n
 Do you want an account of creatures vanquished? [ynaq] (y)
 Do you want to see your conduct and achievements? n
 Do you want to see the dungeon overview? n

Inventory:
 Coins    ('$')
  $ - 41 gold pieces
 Weapons  (')')
  j - 8 +0 arrows
  i - a cursed -1 arrow
  h - 8 cursed -2 arrows
  c - 57 +2 crossbow bolts
  d - 33 +0 crossbow bolts
  k - 9 cursed +0 elven arrows
  b - a +1 crossbow (alternate weapon; not wielded)
  x - a +0 boomerang
  q - a blessed +2 dart
  p - 11 +0 darts (at the ready)
  o - 2 cursed +2 darts
  s - 9 cursed -3 darts
  n - 11 cursed -1 shuriken
  y - a +0 orcish dagger
  u - a +0 mace (weapon in right hand)
 Armor    ('[')
  A - an uncursed +0 orcish helm
  e - an uncursed +2 cloak of displacement (being worn)
 Comestibles  ('%')
  f - 4 uncursed cram rations
  z - an uncursed food ration
 Scrolls  ('?')
  m - an uncursed scroll of food detection
  t - an uncursed scroll of punishment
 Tools    ('(')
  w - an uncursed tin whistle
 Gems/Stones  ('*')
  l - an uncursed worthless piece of blue glass
  g - an uncursed worthless piece of violet glass
  r - a cursed worthless piece of yellow glass
 Special
 (list likely candidates)

Haxasaurus the Ranger's attributes:

Background:
 You were a Tenderfoot, a level 2 male gnomish Ranger.
 You were neutral, on a mission for Venus
 who was opposed by Mercury (lawful) and Mars (chaotic).
 You were right-handed.
 You were in the Dungeons of Doom, on level 2.
 You entered the dungeon 866 turns ago.
 You had 33 experience points, 7 more were needed to attain level 3.

Basics:
 You had 0 out of 16 hit points.
 You had all 7 energy points (spell power).
 Your armor class was 7.
 Your wallet contained 41 zorkmids.
 Autopickup was on for '$"=/!?' plus thrown, with exceptions.

Final Characteristics:
 Your strength was 14 (limit:18/50).
 Your dexterity was 10 (limit:18).
 Your constitution was 14 (limit:18).
 Your intelligence was 15 (limit:19).
 Your wisdom was 14 (limit:18).
 Your charisma was 8 (limit:18).

Final Status:
 You weren't hungry.
 You were unencumbered.
 You were wielding a mace.
 You had no skill with mace.

Final Attributes:
 You were devoutly aligned.
 You had automatic searching.
 You had infravision.
 You were displaced.
 You were warded.
 You are dead.

Miscellaneous:
 You didn't encounter any bones levels.
 Total elapsed playing time was 12 minutes and 19 seconds.

Major events:
 Turn
    1: Haxasaurus the neutral male gnomish Ranger entered the dungeon
  736: entered the Gnomish Mines
  866: killed by a coyote

You didn't know any spells.

Skills:
 Fighting Skills
   bare handed combat [Unskilled]
   riding             [Unskilled]
 Weapon Skills
   dagger             [Basic]
   knife              [Unskilled]
   axe                [Unskilled]
   pick-axe           [Unskilled]
   short sword        [Unskilled]
   morning star       [Unskilled]
   flail              [Unskilled]
   hammer             [Unskilled]
   quarterstaff       [Unskilled]
   polearms           [Unskilled]
   spear              [Unskilled]
   trident            [Unskilled]
   bow                [Unskilled]
   sling              [Unskilled]
   crossbow           [Basic]
   dart               [Unskilled]
   shuriken           [Unskilled]
   boomerang          [Unskilled]
   whip               [Unskilled]
 Spellcasting Skills
   healing spells     [Unskilled]
   divination spells  [Unskilled]
   escape spells      [Unskilled]

Voluntary challenges:
 Character rerolling was not enabled.
 You were an atheist.
 You were illiterate.
 You never genocided any monsters.
 You never polymorphed an object.
 You never changed form.
 You used no wishes.
Achievement:
 You entered the Gnomish Mines.

 The Dungeons of Doom: levels 1 to 2
    Level 1:
       A fountain.
    Level 2: <- You were here.
       A fountain.
       Stairs down to The Gnomish Mines.
       Final resting place for
          you, killed by a coyote.
 The Gnomish Mines:
    Level 3:


Vanquished creatures:
  a coyote
  a fox
  4 goblins
  a sewer rat
  a grid bug
  4 lichens
  6 newts
18 creatures vanquished.

No species were genocided or became extinct.

Game over:
                       ----------
                      /          \
                     /    REST    \
                    /      IN      \
                   /     PEACE      \
                  /                  \
                  |    Haxasaurus    |
                  |      41 Au       |
                  |   killed by a    |
                  |      coyote      |
                  |                  |
                  |                  |
                  |       2026       |
                 *|     *  *  *      | *
        _________)/\\_//(\/(/\)/\//\/|_)_______

Goodbye Haxasaurus the Ranger...

You died in The Dungeons of Doom on dungeon level 2 with 269 points,
and 41 pieces of gold, after 866 moves.
You were level 2 with a maximum of 16 hit points when you died.

